Description

Upload test

Replay - Test Upload

Build Order

Get SALT Encoding   

  12  0:01  SCV  
  13  0:14  Supply Depot  
  13  0:19  SCV  
  14  0:26  Refinery  
  14  0:31  SCV  
  15  0:43  Barracks  
  15  0:46  SCV  
  16  0:58  SCV  
  17  1:04  Barracks  
  17  1:32  Factory  
  17  1:38  Barracks Tech Lab  
  17  1:39  Orbital Command  
  17  1:45  Refinery  
  17  1:51  Marine  
  18  2:01  Marine  
  19  2:09  SCV  
  19  2:14  Marine x2  
  21  2:16  Barracks  
  21  2:21  SCV  
  23  2:28  Stimpack  
  23  2:39  Starport  
  23  2:41  Factory Reactor  
  23  2:56  Supply Depot  
  23  3:13  Marine x3  
  26  3:26  Medivac x2  
  30  3:31  Marine x3  
  30  3:33  SCV  
  34  3:42  Supply Depot  
  34  3:47  SCV  
  41  4:18  Supply Depot  
  41  4:41  Barracks Reactor x2  
  41  4:43  Factory Tech Lab  
  41  4:55  Supply Depot  
  41  4:56  SCV  
  42  5:01  Siege Tank  
  51  5:17  Viking  
Spawning Tool Build Advisor. Get it on Overwolf

Analysis

Upload test

Go to:

Details

  • Created by: Mediceye
  • Published on: Jun 16, 2019
  • Modified on: Jun 16, 2019
  • Patch: 4.7.1
Show
View Real Time Build Order
Export as new Build Order

Comments (0)

There are no comments. Be the first!

Create an account to comment!